 Dungeon Sprint DCSS version 0.26-a0-708-g17f3b190f9 (webtiles) character file.

Game seed: 13356380491568425012

93 mhtbhm the Skirmisher (level 4, -1/48 HPs)
             Began as a Gargoyle Fighter on Oct 28, 2020.
             Slain by an ogre
             ... wielding a +0 giant club
              (14 damage)
             ... in the Dungeon (Sprint IX: "|||||||||||||||||||||||||||||").
             The game lasted 00:00:08 (48 turns).

mhtbhm the Skirmisher (Gargoyle Fighter)              Turns: 48, Time: 00:00:08

Health: -1/48      AC: 11    Str: 20    XL:     4   Next: 62%
Magic:  4/4        EV:  8    Int:  9    God:
Gold:   0          SH: 10    Dex:  9    Spells: 3/3 levels left

rFire    . . .     SeeInvis .   a - +0 flail
rCold    . . .     Faith    .   c - +0 kite shield
rNeg     + . .     Spirit   .   b - +0 scale mail
rPois    ∞         Reflect  .   (no helmet)
rElec    +         Harm     .   (no cloak)
rCorr    .         Rampage  .   (no gloves)
MR       .....     NoTele   +   (no boots)
Stlth    ..........             (no amulet)
HPRegen  0.16/turn              (no ring)
MPRegen  0.09/turn              (no ring)

@: berserking, very quick
A: negative energy resistance 1, electricity resistance, unbreathing,
petrification resistance, rot immunity, AC +3
a: no special abilities


You were in the Dungeon.
You visited 1 branch

Inventory:

Hand Weapons
 a - a +0 flail (weapon)
Armour
 b - a +0 scale mail (worn)
 c - a +0 kite shield (worn)
Scrolls
 j - a scroll of blinking
Potions
 d - a potion of might
 e - a potion of curing
 g - a potion of haste
 h - 2 potions of magic


   Skills:
 + Level 6.0 Fighting
 + Level 3.8 Maces & Flails
 + Level 5.9 Armour
 + Level 0.7 Dodging
 + Level 6.0 Shields


You had 3 spell levels left.
You didn't know any spells.
Your spell library was empty.

Dungeon Overview and Level Annotations

Branches:
Dungeon (1/1)

Altars:


Innate Abilities, Weirdness & Mutations

You are resistant to torment.
Your stone body is resilient. (AC +3)
You are immune to poison.
You resist negative energy. (rN+)
You are resistant to electric shocks. (rElec)
You can survive without breathing.
You are immune to petrification.
You are immune to rotting.


Message History

Your Maces & Flails skill increases to level 3!
Your Armour skill increases to level 5!
Your Shields skill gained 2 levels and is now at level 6!
You have reached level 3!
Your experience leads to an increase in your attributes!
Increase (S)trength, (I)ntelligence, or (D)exterity?
You feel stronger.
You have reached level 4!
You feel clever. You block the ogre's attack.
You feel much better.
The ogre hits you with a +0 giant club!!
Ouch! That really hurt!
* * * LOW HITPOINT WARNING * * *
A red film seems to cover your vision as you go berserk!
You feel yourself moving faster!
You feel mighty!
You sock the ogre!
The ogre is heavily wounded.
The ogre hits you with a +0 giant club!
You die...

▓.▓
▓.▓
▓.▓
▓)▓
▓.▓
▓.▓
▓.▓
▓.▓
▓@▓
▓O▓
▓g▓
▓O▓
▓c▓
▓.▓
▓.▓
▓+▓


You could see 2 ogres, a centaur and a gnoll shaman.

Vanquished Creatures
  A sky beast (D)
  A dart slug (D)
  A bat (D)
  A giant cockroach (D)
  A frilled lizard (D)
  A goblin (D)
6 creatures vanquished.

Notes
Turn   | Place    | Note
-------+----------+-------------------------------------------
     0 | D        | mhtbhm the Gargoyle Fighter began the quest for the Orb.
     0 | D        | Reached XP level 1. HP: 14/14 MP: 1/1
     3 | D        | Banished a spatial maelstrom
    25 | D        | Reached XP level 2. HP: 19/20 MP: 2/2
    32 | D        | Noticed a sky beast
    32 | D        | Noticed an ogre
    32 | D        | Noticed an ogre
    32 | D        | Noticed a centaur
    45 | D        | Killed a sky beast
    45 | D        | Reached skill level 5 in Armour
    45 | D        | Reached XP level 3. HP: 11/27 MP: 3/3
    45 | D        | Reached XP level 4. HP: 13/32 MP: 4/4
    48 | D        | Slain by an ogre

Illustrated notes

Levels and vault maps discovered:
D:        linesprint [early_d, line_temple, items_1, d_10, items_2, lair_1,
          lair_end, items_3, orc_1, orc_end, items_4, d_15, swamp_1, shoals_1,
          snake_1, spider_1, d_20, vaults_1, items_5, swamp_end, shoals_end,
          snake_end, spider_end, vaults_end, d_27, items_6, zot_1, zot_end,
          crypt_end, forest_end, elf_end, slime_end, tomb_end, abyss_end,
          pan_hell_end]

Skill      XL: |  1  2 |
---------------+-------+-----
Armour         | 4 5 |  5.9
Fighting       | 4 6 |  6.0
Shields        | 4 6 |  6.0
Maces & Flails | 3 |  3.8
Dodging        | |  0.7

Action                   |  1- 3 |  4- 6 || total
-------------------------+-------+-------++-------
Melee: Flail             |    35 |     1 ||    36
  Use: Potion            |       |     2 ||     2
Armor: Scale mail        |    21 |       ||    21
Dodge: Dodged            |     5 |       ||     5
Block: Kite shield       |     8 |     1 ||     9

Table legend: (Time is in decaauts)
 A = Elapsed time spent in this place.
 B = Non-inter-level travel time spent in this place.
 C = Inter-level travel time spent in this place.
 D = Time resting spent in this place.
 E = Time spent auto-exploring this place.
 F = Levels seen in this place.
 G = Mean time per level.
                   A        B        C        D        E       F      G
               +--------+--------+--------+--------+--------+-----+--------+
         Total |     61 |     61 |      0 |      0 |      3 |   1 |   61.0 |
       Dungeon |     61 |     61 |      0 |      0 |      3 |   1 |   61.0 |
               +--------+--------+--------+--------+--------+-----+--------+

Top non-repeatable levels by time:
       D: 61 daAuts
